 Dungeon Crawl Stone Soup version 0.24.0-10-g970556be89 (webtiles) character file.

Game seed: 5609075787478083548, levelgen mode: deterministic

173 Arixos the Skirmisher (level 5, 0/42 HPs)
             Began as a Demonspawn Monk on Nov 3, 2019.
             Slain by Purgy (1 damage)
             ... in a sewer.
             The game lasted 00:08:57 (3497 turns).

Arixos the Skirmisher (Demonspawn Monk)             Turns: 3497, Time: 00:08:57

Health: 0/42       AC: 18    Str: 12    XL:     5   Next: 28%
Magic:  5/5        EV:  3    Int: 12    God:
Gold:   103        SH:  0    Dex: 15    Spells: 4/4 levels left

rFire    . . .     SeeInvis .     - Unarmed
rCold    . . .     Gourm    .   (no shield)
rNeg     . . .     Faith    .   c - +0 plate armour
rPois    .         Spirit   .   (no helmet)
rElec    .         Reflect  .   (no cloak)
rCorr    .         Harm     .   r - +0 pair of gloves
MR       .....                  (no boots)
Stlth    ..........             (no amulet)
HPRegen  0.14/turn              (no ring)
MPRegen  0.09/turn              (no ring)

@: sanguine armour
A: powered by death 2, sanguine armour 1
a: no special abilities


You were in a sewer.
You were not hungry.

You visited 1 branch of the dungeon, and saw 4 of its levels.
You also visited: Sewer.

You collected 103 gold pieces.

Inventory:

Missiles
 f - 15 poisoned darts (quivered)
Armour
 c - a +0 plate armour (worn)
 r - a +0 pair of gloves (worn)
Scrolls
 d - a scroll of random uselessness {unknown}
 e - a scroll of fear {unknown}
 g - a scroll of fog {unknown}
 h - 7 scrolls of remove curse {unknown}
 i - 6 scrolls of identify {unknown}
 j - 3 scrolls of teleportation {unknown}
 k - 2 scrolls of immolation {unknown}
 n - a scroll of blinking {unknown}
 o - 3 scrolls of enchant armour {unknown}
 q - a scroll of enchant weapon {unknown}
 s - a scroll of magic mapping {unknown}
Potions
 a - a potion of brilliance {unknown}
 l - 2 potions of lignification {unknown}
 m - 3 potions of curing {unknown}
 p - a potion of haste {unknown}
 u - a potion of berserk rage {unknown}
 v - a potion of agility {unknown}
Comestibles
 b - 7 rations
 t - 6 chunks of flesh


   Skills:
 + Level 4.2 Fighting
 + Level 2.4 Armour
 - Level 2.6 Dodging
 - Level 1.7 Stealth
 + Level 3.8 Unarmed Combat


You had 4 spell levels left.
You didn't know any spells.
Your spell library was empty.

Dungeon Overview and Level Annotations

Branches:
Dungeon (4/15)              Sewer (1/1)
 Temple: D:4-7

Altars:
Ashenzari
Elyvilon
Vehumet
Yredelemnul

Shops:
D:4 ?

Annotations:
Sewer Purgy


Innate Abilities, Weirdness & Mutations

You regenerate health from kills.
When seriously injured, your bleeding wounds create armour. (AC +6)


Message History

* * * LOW HITPOINT WARNING * * *
You barely miss Purgy.
Purgy is severely wounded.
Purgy bites you but does no damage. Purgy barely misses you. Purgy claws you.
* * * LOW HITPOINT WARNING * * *
You closely miss Purgy.
Purgy is severely wounded.
Purgy bites you but does no damage. Purgy claws you but does no damage. x2
You barely miss Purgy.
Purgy is severely wounded.
Purgy bites you.
* * * LOW HITPOINT WARNING * * *
Purgy claws you but does no damage. Purgy claws you.
* * * LOW HITPOINT WARNING * * *
You closely miss Purgy.
Purgy is heavily wounded.
You closely miss Purgy.
Purgy is heavily wounded.
Purgy bites you.
You die...

#.# #.# #.# #.#
####### #.#
##.....## #.#
##...≈...#
#.#######...≈≈≈...
#..........≈≈≈≈≈÷∩
#@#######...≈≈≈...
#T# ##...≈...# #(#
##.....## #(#
####### ... ...
.(. ..(..


You could see Purgy.

Vanquished Creatures
  6 adders (D:3)
  A gnoll (D:1)
  A river rat (D:4)
  2 oozes (D:2)
  3 worms (D:3)
  3 dart slugs
  A leopard gecko (D:1)
  2 orcs (D:3)
  11 bats
  5 giant cockroaches
  4 goblins
  5 hobgoblins
  3 jackals (D:2)
  11 kobolds
  3 quokkas
  2 ball pythons (D:4)
  6 frilled lizards
  10 rats
79 creatures vanquished.

Notes
Turn   | Place    | Note
-------+----------+-------------------------------------------
     0 | D:1      | Arixos the Demonspawn Monk began the quest for the Orb.
     0 | D:1      | Reached XP level 1. HP: 18/18 MP: 1/1
   262 | D:1      | Gained mutation: You regenerate a little health from kills.
                  | [demonic ancestry]
   262 | D:1      | Reached XP level 2. HP: 20/24 MP: 2/2
   414 | D:1      | Reached skill level 1 in Armour
   877 | D:1      | Gained mutation: You regenerate health from kills. [demonic
                  | ancestry]
   877 | D:1      | Reached XP level 3. HP: 28/29 MP: 3/3
  1798 | D:2      | Found a white marble altar of Elyvilon.
  1798 | D:2      | Found a radiant altar of Vehumet.
  1798 | D:2      | Found a basalt altar of Yredelemnul.
  1841 | D:2      | Gained mutation: When seriously injured, your bleeding
                  | wounds create armour. (AC +6) [demonic ancestry]
  1841 | D:2      | Reached XP level 4. HP: 34/37 MP: 4/4
  2622 | D:3      | Reached skill level 4 in Fighting
  2704 | D:3      | Found a shattered altar of Ashenzari.
  2849 | D:3      | Reached XP level 5. HP: 36/42 MP: 5/5
  3240 | D:4      | Found Onuyt's Magic Scroll Shop.
  3240 | D:4      | Noticed a phantom
  3386 | D:4      | Found a glowing drain.
  3394 | Sewer    | Entered a sewer
  3442 | Sewer    | Noticed Purgy
  3495 | Sewer    | HP: 2/42 [Purgy (5)]
  3497 | Sewer    | Slain by Purgy

Levels and vault maps discovered:
D:1:      dpeg_arrival_pits, layout_basic, minivault_4
D:2:      layout_basic, gammafunk_temple_overflow_claw
D:3:      layout_rooms, lemuel_coloured_pillars_altar, first_ration
D:4:      minmay_angry_zag, layout_cave_pools, serial_shops, shop,
          portal_sewer_entry_b, kennysheep_generic_room_2
Sewer:    sewer_big_baddie

Skill      XL: |  1  2  3  4 |
---------------+-------------+-----
Armour         | 1 2 |  2.4
Unarmed Combat | 3 |  3.8
Fighting       | 4 |  4.2
Dodging        | |  2.6
Stealth        | |  1.7

Action                   |  1- 3 |  4- 6 || total
-------------------------+-------+-------++-------
Melee: Unarmed           |   221 |   269 ||   490
       Punch             |     3 |     3 ||     6
Throw: Dart              |       |    20 ||    20
  Eat: Chunk             |     3 |     6 ||     9
Armor: Plate armour      |   207 |   282 ||   489
Dodge: Dodged            |    33 |    47 ||    80
